 Dungeon Crawl Stone Soup version 0.24.0-1-gfbc8707 (webtiles) character file.

Game seed: 3683064342017051352, levelgen mode: deterministic

469404 Illumine the Tortoise (level 23, -2/211 HPs)
             Began as a Minotaur Fighter on Oct 26, 2019.
             Was a High Priest of Qazlal.
             Slain by a titan (29 damage)
             ... on level 5 of the Vaults.
             The game lasted 02:30:13 (40363 turns).

Illumine the Tortoise (Minotaur Fighter)           Turns: 40363, Time: 02:30:14

Health: -2/211     AC: 26    Str: 23    XL:     23   Next: 21%
Magic:  27/34      EV: 25    Int:  3    God:    Qazlal [*****.]
Gold:   2184       SH: 46    Dex: 19    Spells: 22/22 levels left

rFire    + . .     SeeInvis +   w - +8 war axe (elec)
rCold    . . .     Gourm    .   C - +10 large shield of Ignorance {rN+ Int-4}
rNeg     + + +     Faith    .   B - +1 chain mail "Kydiny" {rElec rF+ Slay+3 Stlth+}
rPois    +         Spirit   .   (helmet restricted)
rElec    +         Reflect  +   i - scarf {repulsion}
rCorr    .         Harm     .   A - +2 pair of gloves {archery}
MR       ++...                  p - +2 pair of boots
Stlth    +.........             y - +5 amulet of reflection
HPRegen  0.45/turn              O - ring of see invisible
MPRegen  0.24/turn              F - ring "Qakej" {rPois rN++ MR+ Str-5 Dex+3}

@: agile, protected from physical damage, repel missiles
A: retaliatory headbutt, horns 2, subdued magic 1
}: 3/15 runes: decaying, abyssal, gossamer
a: Upheaval, Elemental Force, Disaster Area, Renounce Religion


You were on level 5 of the Vaults.
You worshipped Qazlal.
Qazlal was extremely pleased with you.
You were not hungry.

You visited 7 branches of the dungeon, and saw 39 of its levels.
You visited the Abyss 3 times.
You also visited: Sewer and Ossuary.

You collected 4387 gold pieces.
You spent 2203 gold pieces at shops.

Inventory:

Hand Weapons
 b - a +1 morningstar of venom
 c - a +6 broad axe of freezing
 w - a +8 war axe of electrocution (weapon)
 W - a +2 vampiric war axe
Missiles
 D - 6 boomerangs of dispersal
 E - 11 silver boomerangs
 Y - 37 boomerangs (quivered)
Armour
 i - a scarf of repulsion (worn)
 p - a +2 pair of boots (worn)
 A - a +2 pair of gloves of archery (worn)
 B - the +1 chain mail "Kydiny" (worn) {rElec rF+ Slay+3 Stlth+}
   (You found it on level 2 of the Spider Nest)

   It affects your accuracy and damage with ranged weapons and melee attacks
   (+3).
   It protects you from fire.
   It insulates you from electricity.
   It makes you more stealthy.
 C - the +10 large shield of Ignorance (worn) {rN+ Int-4}
   (You bought it in a shop on level 2 of the Orcish Mines)

   It affects your intelligence (-4).
   It protects you from negative energy.
Jewellery
 h - a +4 ring of strength
 m - an uncursed ring of protection from cold
 o - a +5 ring of evasion
 q - an uncursed ring of protection from magic
 s - an uncursed ring of poison resistance
 y - a +5 amulet of reflection (around neck)
 F - the ring "Qakej" (right hand) {rPois rN++ MR+ Str-5 Dex+3}
   (You found it on level 4 of the Spider Nest)

   [ring of dexterity]

   It affects your strength (-5).
   It affects your dexterity (+3).
   It protects you from poison.
   It greatly protects you from negative energy.
   It affects your resistance to hostile enchantments.
 L - an uncursed amulet of regeneration
 O - a ring of see invisible (left hand)
 U - an uncursed ring of protection from fire
Wands
 k - a wand of acid (24)
 G - a wand of scattershot (2)
 H - a wand of polymorph (8)
 J - a wand of iceblast (8)
 P - a wand of flame (24)
 R - a wand of paralysis (7)
 V - a wand of digging (17)
 X - a wand of enslavement (7)
Scrolls
 e - 6 scrolls of blinking
 g - 19 scrolls of remove curse
 j - 16 scrolls of teleportation
 r - 8 scrolls of magic mapping
 z - 2 scrolls of fear
 I - 2 scrolls of holy word
 M - 4 scrolls of identify
 T - 2 scrolls of enchant armour
Potions
 a - 3 potions of heal wounds
 d - 7 potions of might
 l - a potion of berserk rage
 n - 2 potions of curing
 t - 8 potions of flight
 u - 2 potions of agility
 v - 2 potions of ambrosia
 x - 7 potions of haste
 K - 2 potions of resistance
 N - 2 potions of magic
 Q - a potion of mutation
 S - 3 potions of cancellation
Miscellaneous
 Z - a phantom mirror
Comestibles
 f - 44 rations


   Skills:
 + Level 18.7 Fighting
 - Level 18.0 Axes
 + Level 15.4 Throwing
 + Level 19.5 Armour
 + Level 17.1 Dodging
 + Level 19.4 Shields
 + Level 16.7 Invocations
 - Level 2.2 Evocations


You had 22 spell levels left.
You didn't know any spells.
Your spell library contained the following spells:

 Spells                   Type           Power        Failure   Level  Hunger
 Animate Skeleton         Necr           N/A          99%         1    ##.....
 Beastly Appendage        Tmut           #.....       99%         1    ##.....
 Flame Tongue             Conj/Fire      #....        99%         1    ##.....
 Pain                     Necr           #...         99%         1    ##.....
 Sandblast                Erth           #.....       99%         1    ##.....
 Sting                    Conj/Pois      #...         99%         1    ##.....
 Corpse Rot               Necr           N/A          99%         2    ###....
 Poisonous Vapours        Pois/Air       #.....       99%         2    ###....
 Sticks to Snakes         Tmut           #.......     99%         2    ###....
 Sublimation of Blood     Necr           #.........   99%         2    ###....
 Throw Flame              Conj/Fire      #.....       99%         2    ###....
 Conjure Flame            Conj/Fire      #.......     100%        3    ####...
 Gell's Gravitas          Tloc           #.........   100%        3    ####...
 Inner Flame              Hex/Fire       #.......     100%        3    ####...
 Mephitic Cloud           Conj/Pois/Air  #.......     100%        3    ####...
 Portal Projectile        Hex/Tloc       #.....       100%        3    ####...
 Recall                   Summ/Tloc      N/A          100%        3    ####...
 Regeneration             Chrm/Necr      #.........   100%        3    ####...
 Spider Form              Tmut/Pois      #.........   100%        3    ####...
 Static Discharge         Conj/Air       #.......     100%        3    ####...
 Stone Arrow              Conj/Erth      #.....       100%        3    ####...
 Summon Guardian Golem    Hex/Summ       #.......     100%        3    ####...
 Vampiric Draining        Necr           #.........   100%        3    ####...
 Animate Dead             Necr           N/A          100%        4    #####..
 Cause Fear               Hex            #.........   100%        4    #####..
 Force Lance              Conj/Tloc      #.......     100%        4    #####..
 Ice Form                 Ice/Tmut       #.......     100%        4    #####..
 Olgreb's Toxic Radiance  Pois           #.......     100%        4    #####..
 Petrify                  Tmut/Erth      #.......     100%        4    #####..
 Sticky Flame             Conj/Fire      #.......     100%        4    #####..
 Agony                    Necr           #.......     100%        5    ######.
 Alistair's Intoxication  Tmut/Pois      #.......     100%        5    ######.
 Aura of Abjuration       Summ           #.........   100%        5    ######.
 Blade Hands              Tmut           #.........   100%        5    ######.
 Bolt of Draining         Conj/Necr      #.........   100%        5    ######.
 Bolt of Magma            Conj/Fire/Erth #.........   100%        5    ######.
 Dispel Undead            Necr           #.......     100%        5    ######.
 Excruciating Wounds      Chrm/Necr      #.........   100%        5    ######.
 Fireball                 Conj/Fire      #.........   100%        5    ######.
 Irradiate                Conj/Tmut      #.........   100%        5    ######.
 Iskenderun's Battlesphe  Conj/Chrm      #.......     100%        5    ######.
 Silence                  Hex/Air        #.........   100%        5    ######.
 Summon Demon             Summ           #.........   100%        5    ######.
 Summon Forest            Summ/Tloc      #.........   100%        5    ######.
 Summon Mana Viper        Hex/Summ       #.......     100%        5    ######.
 Venom Bolt               Conj/Pois      #.........   100%        5    ######.
 Yara's Violent Unravell  Hex/Tmut       #.........   100%        5    ######.
 Deflect Missiles         Chrm/Air       #.........   100%        6    #######
 Dispersal                Tloc           #.........   100%        6    #######
 Freezing Cloud           Conj/Ice/Air   #.........   100%        6    #######
 Hydra Form               Tmut           #.........   100%        6    #######
 Iron Shot                Conj/Erth      #.........   100%        6    #######
 Shadow Creatures         Summ           N/A          100%        6    #######
 Statue Form              Tmut/Erth      #........    100%        6    #######
 Dragon Form              Tmut           #.........   100%        7    #######
 Orb of Destruction       Conj           #.........   100%        7    #######
 Ring of Flames           Chrm/Fire      #.........   100%        7    #######
 Spellforged Servitor     Conj/Summ      #.........   100%        7    #######
 Controlled Blink         Tloc           N/A          100%        8    #######
 Discord                  Hex            #.........   100%        8    #######
 Disjunction              Tloc           #.........   100%        8    #######


Dungeon Overview and Level Annotations

Branches:
Dungeon (15/15)            Temple (0/1) D:4            Lair (6/6) D:11
  Swamp (4/4) Lair:4       Spider (4/4) Lair:3        Slime (0/5) Lair:6
    Orc (2/2) D:12            Elf (3/3) Orc:2        Vaults (5/5) D:13
  Crypt (0/3) Vaults:3     Depths (0/5) D:15          Sewer (visited)
Ossuary (visited)

Altars:
Ashenzari
Dithmenos
Gozag
Kikubaaqudgha
Makhleb
Qazlal
Ru
Trog
Xom
Yredelemnul
Beogh

Shops:
D:4 !!   D:8 *   Orc:2 [?}*   Elf:2 !%(   Vaults:4 *

Annotations:
D:11 2 transporters, Guenter's ghost, journeyman VSWn
Lair:5 1 runed translucent door, Adireryl's ghost, journeyman HOFi
Lair:6 exclusion: 3 oklob plants
Elf:2 3 runed translucent doors, Gerad's ghost, veteran VSAK
Vaults:4 1 runed translucent door, Angmar's ghost, veteran DrAE


Innate Abilities, Weirdness & Mutations

You reflexively headbutt those who attack you in melee.
You have a pair of horns on your head.
Your spells are a little easier to cast, but a little less powerful.


Message History

You block the ettin's attack. x2
The titan waves its arms in wide circles.
The air twists around and strikes you!!
* * * LOW HITPOINT WARNING * * *
The titan hits you!!
* * * LOW HITPOINT WARNING * * *
Nature churns violently around you!
The blast of ice hits the vault sentinel!!
The vault sentinel is severely wounded.
The vault sentinel is flash-frozen.
The blast of ice hits the orc knight!
The orc knight is moderately wounded.
The orc knight is flash-frozen.
The blast of ice hits the vault sentinel!!
You kill the vault sentinel!
Qazlal accepts your kill.
The blast of rubble hits the orc!!!
You kill the orc!
Qazlal accepts your kill.
You block the ettin's attack. x2; The titan hits you!!
You die...

≈##..≈. .§≈≈.). .# #.§§).
#.# ..# #.§|}) ##.# ≈≈#
..§§o ...# ≈≈≈# .§o #..#
≈≈≈# #C##°.#....#
.).##C@†).#....#.
.§.§.)C○))§.§.....
###################§.......
.^......).[)÷)[(≈..........
........).)((≈≈≈)≈.........
###########################


You could see 2 titans, an orc knight, an ettin and an orc warrior.

Vanquished Creatures
  2 ancient liches (Vaults:5)
  Bai Suzhen (Swamp:3)
  A golden dragon (shapeshifter) (Vaults:5)
  Nikola (Vaults:3)
  3 tentacled monstrosities
  A lich (Abyss:3)
  4 deep elf blademasters
  2 deep elf master archers (Elf:3)
  3 quicksilver dragons (Vaults:5)
  A kraken (Abyss:4)
  A tentacled starspawn (Abyss:3)
  2 sphinxes
  Kirke (Swamp:4)
  The ghost of iishen the Markscentaur, an adept CeHu of Okawaru (Spider:4)
  2 storm dragons (Vaults:5)
  5 shadow dragons (Vaults:5)
  2 thorn hunters
  5 tengu reavers (Vaults:5)
  Donald (Vaults:3)
  7 fire giants
  2 frost giants
  12 deep elf sorcerers
  An orc warlord (Orc:2)
  2 ghost moths (Spider:4)
  An iron dragon (Vaults:5)
  14 vault wardens
  3 emperor scorpions
  5 deep elf elementalists (Elf:3)
  12 ironheart preservers
  13 very ugly things
  7 stone giants
  4 starcursed masses (Abyss:3)
  An entropy weaver (Spider:3)
  11 deep elf annihilators
  9 deep elf demonologists
  3 spark wasps
  A white draconian (Abyss:3)
  3 fire dragons
  5 deep elf death magi
  7 deep elf high priests
  Snorg (D:14)
  Josephine (D:13)
  5 yaktaur captains
  9 ettins
  Fannar (D:12)
  22 hydras
  2 great orbs of eyes
  3 ice dragons
  40 vault guards
  3 rakshasas
  2 ghost crabs
  12 ogre magi
  A shambling mangrove (Abyss:4)
  46 two-headed ogres
  4 centaur warriors
  29 dancing weapons
  12 alligators
  3 death knights
  Urug (D:11)
  A deep troll shaman (Vaults:2)
  A tengu warrior (D:14)
  4 thrashing horrors (Abyss:4)
  4 orc high priests (Orc:2)
  21 deep elf knights
  A fire crab (Abyss:4)
  A shadow wraith (Vaults:4)
  7 unseen horrors
  5 spriggan druids
  3 wizards
  A flayed ghost (Vaults:5)
  A lindwurm (shapeshifter) (Vaults:4)
  11 swamp dragons
  4 deep trolls
  13 deep elf archers
  2 glowing orange brains
  15 ironbrand convokers
  4 phantasmal warriors (Vaults:5)
  32 ugly things
  An orb spider (shapeshifter) (Vaults:1)
  A necromancer (Vaults:1)
  13 orc knights
  8 orc sorcerers
  29 wolf spiders
  61 deep elf magi
  11 harpies (Vaults:3)
  A sphinx skeleton (Vaults:1)
  3 cyclopes
  4 oklob plants
  9 large abominations
  12 orb spiders
  4 manticores
  2 stone giant zombies (Vaults:1)
  9 elephants
  2 moths of wrath
  A worldbinder (Abyss:3)
  A manticore (shapeshifter) (Vaults:2)
  10 black mambas
  2 apocalypse crabs
  Joseph (D:9)
  2 torpor snails
  17 vault sentinels
  26 spiny frogs
  A gargoyle (D:13)
  4 smoke demons (Abyss:3)
  A guardian serpent (Lair:6)
  A komodo dragon (shapeshifter) (D:15)
  A yaktaur (shapeshifter) (Vaults:2)
  8 freezing wraiths
  5 rime drakes
  5 demonic crawlers
  16 komodo dragons
  19 yaktaurs
  A queen bee (shapeshifter) (Vaults:1)
  A tengu conjurer (D:14)
  6 ancient zymes (Abyss:3)
  11 trolls
  7 tyrant leeches
  34 jumping spiders
  20 hornets
  A hornet (shapeshifter) (Vaults:4)
  A harpy skeleton (D:12)
  4 raiju (Abyss:3)
  38 slime creatures
  8 blink frogs
  8 hippogriffs
  A dream sheep (shapeshifter) (Elf:1)
  6 bog bodies
  An ettin zombie (Vaults:1)
  A fire giant simulacrum (Vaults:2)
  A flying skull (Abyss:3)
  A ynoxinul (Abyss:3)
  5 water elementals
  5 spriggans
  5 air elementals
  68 redbacks
  4 shadows
  A tarantella (shapeshifter) (D:15)
  13 wyverns
  A vampire (D:13)
  8 wraiths
  21 tarantellas
  28 yaks
  A hungry ghost (D:10)
  3 hogs
  2 steam dragons (Lair:6)
  5 chaos spawn (Abyss:3)
  4 fire elementals
  20 vampire mosquitoes
  7 basilisks
  13 swamp worms
  10 wargs
  6 insubstantial wisps (Swamp:2)
  3 acid dragons
  21 water moccasins
  2 floating eyes (Elf:3)
  A porcupine (shapeshifter) (D:15)
  6 porcupines
  5 sky beasts
  5 ice beasts
  64 orc warriors
  18 swamp drakes
  5 eyes of draining
  6 phantoms
  A tengu (shapeshifter) (Vaults:3)
  37 ogres
  A necrophage (D:13)
  11 centaurs
  6 boggarts
  45 wolves
  14 crocodiles
  4 big kobolds
  17 bullfrogs
  9 small abominations
  5 earth elementals
  A wyvern zombie (D:10)
  3 wyvern skeletons
  2 scorpions
  19 wights
  13 killer bees
  4 electric eels
  15 hounds
  4 centaur zombies
  14 crimson imps
  5 human zombies
  2 bullfrog zombies
  33 orc priests
  8 jellies
  2 quasits (Abyss:3)
  2 bullfrog skeletons
  11 iguanas
  7 centaur skeletons
  26 orc wizards
  11 worker ants
  A hound skeleton (D:8)
  2 hound zombies (D:6)
  4 mummies (Ossuary)
  A howler monkey zombie (D:8)
  2 worker ant zombies
  13 adders
  5 gnolls
  5 shadow imps
  A white imp (Abyss:3)
  2 ufetubi
  2 worms
  A dart slug (D:2)
  13 leopard geckos
  146 orcs
  6 giant cockroaches
  11 goblins
  3 hobgoblins
  8 jackals
  23 kobolds
  7 quokkas
  4 ball pythons
  11 bats
  5 frilled lizards
  A gnoll zombie (Ossuary)
  A goblin zombie (Ossuary)
  2 hobgoblin zombies (Ossuary)
  A leopard gecko skeleton (D:6)
  9 rats
  14 briar patches
  A bush (Lair:4)
  A butterfly (Lair:2)
  2 crawling corpses
  3 fungi
  A plant (Lair:6)
  A starspawn tentacle (Abyss:3)
  3 tentacles (Abyss:4)
1946 creatures vanquished.

Vanquished Creatures (collateral kills)
  Jorgrun (D:14)
  Frances (D:12)
  A thorn hunter (Swamp:1)
  A shambling mangrove (Swamp:1)
  A wolf spider (Spider:4)
  4 hornets
  A hippogriff (D:14)
  2 redbacks (Spider:4)
  A spriggan (Swamp:3)
  A tarantella (Spider:4)
  A vampire mosquito (Swamp:1)
  A fungus (Swamp:3)
16 creatures vanquished.

Vanquished Creatures (others)
  2 deep elf master archers (Elf:3)
  3 stone giants
  3 yaktaur captains
  A deep elf high priest (Elf:3)
  6 deep elf archers
  A deep elf mage (Elf:1)
  A cyclops (D:13)
  15 yaktaurs
  A troll (Vaults:5)
  A jumping spider (Spider:1)
  A slime creature (Swamp:2)
  2 orc warriors
  A boggart (Vaults:2)
  5 centaurs
  A fire vortex (Abyss:3)
  14 fungi
  16 plants
  5 starspawn tentacles (Abyss:3)
  5 tentacles (Abyss:4)
84 creatures vanquished.

Grand Total: 2046 creatures vanquished

Notes
Turn   | Place    | Note
-------+----------+-------------------------------------------
     0 | D:1      | Illumine the Minotaur Fighter began the quest for the Orb.
     0 | D:1      | Reached XP level 1. HP: 19/19 MP: 0/0
   178 | D:1      | Reached XP level 2. HP: 26/26 MP: 1/1
   383 | D:2      | Reached XP level 3. HP: 30/31 MP: 2/2
   632 | D:2      | Reached XP level 4. HP: 39/39 MP: 3/3
   725 | D:2      | Found a stormy altar of Qazlal.
   726 | D:2      | Noticed a fire elemental
   728 | D:2      | Noticed an air elemental
   728 | D:2      | Noticed a water elemental
   728 | D:2      | Noticed an earth elemental
   806 | D:2      | Became a worshipper of Qazlal Stormbringer
   890 | D:3      | Noticed an ice beast
   896 | D:3      | Killed an ice beast
   896 | D:3      | Reached skill level 5 in Axes
   896 | D:3      | Reached XP level 5. HP: 30/45 MP: 4/4
  1052 | D:3      | Found a glowing drain.
  1079 | Sewer    | Entered a sewer
  1105 | Sewer    | Reached * piety under Qazlal
  1105 | Sewer    | Reached skill level 5 in Armour
  1105 | Sewer    | Reached skill level 5 in Shields
  1105 | Sewer    | Reached XP level 6. HP: 49/51 MP: 5/5
  1482 | D:4      | Found Wecen's Distillery.
  1850 | D:4      | Reached XP level 7. HP: 57/57 MP: 6/6
  1877 | D:4      | Found Zirch's Distillery.
  1902 | D:4      | Reached skill level 1 in Invocations
  1908 | D:4      | Reached ** piety under Qazlal
  2015 | D:4      | Found a staircase to the Ecumenical Temple.
  2047 | D:4      | Found a shimmering altar of Xom.
  2664 | D:5      | Entered Level 5 of the Dungeon
  2792 | D:5      | Reached XP level 8. HP: 44/64 MP: 8/8
  3576 | D:6      | Reached *** piety under Qazlal
  3866 | D:6      | Reached XP level 9. HP: 64/70 MP: 10/10
  4190 | D:7      | Cast into level 1 of the Abyss (orc wizard)
  4239 | Abyss:1  | Noticed a green death
  4278 | Abyss:1  | Noticed a wretched star
  4290 | Abyss:1  | Noticed a salamander
  4290 | Abyss:1  | a shapeshifter changed into a salamander
  4326 | Abyss:1  | Noticed a blizzard demon
  4338 | Abyss:1  | Gained mutation: Your spells are a little easier to cast,
                  | but a little less powerful. [a neqoxec]
  4343 | D:7      | Escaped the Abyss
  4598 | D:7      | Reached skill level 10 in Axes
  4598 | D:7      | Reached skill level 1 in Dodging
  4768 | D:7      | Reached skill level 5 in Invocations
  5124 | D:7      | Reached **** piety under Qazlal
  5340 | D:7      | Found a bloodstained altar of Trog.
  5340 | D:7      | Found a shadowy altar of Dithmenos.
  5340 | D:7      | Found an opulent altar of Gozag.
  5341 | D:7      | Found a shattered altar of Ashenzari.
  5343 | D:7      | Found a burning altar of Makhleb.
  5343 | D:7      | Found a sacrificial altar of Ru.
  5519 | D:8      | Reached skill level 5 in Fighting
  5530 | D:8      | Paralysed by a hornet for 1 turns
  5531 | D:8      | Reached XP level 10. HP: 63/81 MP: 3/13
  5648 | D:8      | Found Cughyczul's General Store.
  5978 | D:8      | Found a sand-covered staircase.
  5990 | Ossuary  | Entered an ossuary
  6351 | D:9      | Noticed a wolf spider
  6361 | D:9      | Killed a wolf spider
  6410 | D:9      | Noticed Joseph
  6419 | D:9      | Killed Joseph
  6862 | D:10     | Entered Level 10 of the Dungeon
  6891 | D:10     | Reached skill level 1 in Throwing
  6938 | D:10     | Reached ***** piety under Qazlal
  6946 | D:10     | Reached XP level 11. HP: 91/91 MP: 15/15
  7394 | D:10     | Noticed a centaur warrior
  7401 | D:10     | Killed a centaur warrior
  7401 | D:10     | Reached skill level 5 in Dodging
  8093 | D:11     | Noticed Urug
  8103 | D:11     | Killed Urug
  8123 | D:11     | Noticed a red ugly thing
  8139 | D:11     | Killed a red ugly thing
  8176 | D:11     | Killed an unseen horror
  8491 | D:11     | Found a staircase to the Lair.
  8493 | D:11     | Reached skill level 10 in Shields
  8669 | Lair:1   | Entered Level 1 of the Lair of Beasts
  8682 | Lair:1   | Reached skill level 10 in Armour
  9559 | Lair:2   | Noticed an oklob plant
  9569 | Lair:2   | You fall into a shaft and drop 1 floor!
  9612 | Lair:3   | Reached XP level 12. HP: 88/101 MP: 17/17
 10317 | Lair:3   | Found a hole to the Spider Nest.
 10855 | Lair:4   | Found a staircase to the Swamp.
 10880 | Lair:4   | Reached skill level 5 in Throwing
 11717 | Lair:5   | Reached XP level 13. HP: 111/111 MP: 19/19
 11861 | Lair:5   | Found a runed translucent door.
 11885 | Lair:5   | Noticed Adireryl's ghost (journeyman HOFi)
 12233 | Lair:6   | Entered Level 6 of the Lair of Beasts
 12251 | Lair:6   | Reached ****** piety under Qazlal
 12281 | Lair:5   | Reached skill level 10 in Fighting
 12566 | Lair:6   | Reached skill level 10 in Invocations
 12751 | Lair:6   | Noticed a fire dragon
 12772 | Lair:6   | Killed a fire dragon
 13376 | Lair:6   | Reached XP level 14. HP: 104/122 MP: 20/20
 13858 | Lair:6   | Found a staircase to the Slime Pits.
 15274 | D:11     | Noticed Guenter's ghost (journeyman VSWn)
 15277 | D:11     | Found a transporter.
 15301 | D:11     | Found a transporter.
 15513 | D:12     | Noticed Frances
 15685 | Swamp:1  | Entered Level 1 of the Swamp
 15693 | Swamp:1  | Noticed a thorn hunter
 15707 | Swamp:1  | Killed a thorn hunter
 16530 | Swamp:1  | You fall into a shaft and drop 1 floor!
 16627 | Swamp:2  | HP: 2/124 [suicidal targeting (24)]
 17020 | Swamp:3  | Noticed Bai Suzhen
 17067 | Swamp:2  | Reached skill level 10 in Dodging
 17745 | Spider:1 | Entered Level 1 of the Spider Nest
 17799 | Spider:1 | Reached XP level 15. HP: 114/132 MP: 22/22
 18790 | Spider:2 | Identified the cursed +1 chain mail "Kydiny" {rElec rF+
                  | Slay+3 Stlth+} (You found it on level 2 of the Spider Nest)
 19876 | Spider:4 | Entered Level 4 of the Spider Nest
 20134 | Spider:4 | Identified the Almanac of Flying Curses
 20347 | Spider:4 | Reached XP level 16. HP: 58/141 MP: 10/23
 20796 | Spider:4 | Reached skill level 15 in Axes
 21041 | Spider:4 | Got a gossamer rune of Zot
 21241 | Spider:4 | Found a runed translucent gate.
 21241 | Spider:4 | Found a runed translucent gate.
 21241 | Spider:4 | Found a runed translucent gate.
 21241 | Spider:4 | Noticed iishen's ghost (adept CeHu)
 21261 | Spider:4 | Killed iishen's ghost
 21268 | Spider:4 | Got a faintly glowing silver ring
 21270 | Spider:4 | Identified the ring "Qakej" {rPois rN++ MR+ Str-5 Dex+3}
                  | (You found it on level 4 of the Spider Nest)
 21576 | Swamp:3  | Noticed a thorn hunter
 21585 | Swamp:3  | Killed a thorn hunter
 21844 | Swamp:3  | Reached skill level 1 in Evocations
 21890 | Swamp:4  | Entered Level 4 of the Swamp
 21917 | Swamp:4  | Reached skill level 10 in Throwing
 22889 | D:12     | Killed Frances
 23052 | D:12     | Found a staircase to the Orcish Mines.
 23054 | D:12     | Noticed Fannar
 23073 | D:12     | Killed Fannar
 23135 | Orc:1    | Entered Level 1 of the Orcish Mines
 23280 | Orc:2    | Entered Level 2 of the Orcish Mines
 23359 | Orc:1    | Found a roughly hewn altar of Beogh.
 23693 | Orc:2    | Found Ividd's Antique Armour Emporium.
 23712 | Orc:2    | Found a roughly hewn altar of Beogh.
 23809 | Orc:2    | Found Lodojic's Magic Scroll Shoppe.
 24088 | Orc:2    | Found a staircase to the Elven Halls.
 24748 | Orc:2    | Found a roughly hewn altar of Beogh.
 24757 | Orc:2    | Paralysed by an orc sorcerer for 4 turns
 25103 | Orc:2    | Found Usoac's Gadget Shop.
 25225 | Orc:2    | Reached XP level 17. HP: 150/150 MP: 25/25
 25257 | Orc:2    | Found Ferreoq's General Store.
 25276 | Orc:2    | Bought a +2 pair of gloves of dexterity for 236 gold pieces
 25276 | Orc:2    | Bought 2 potions of haste for 220 gold pieces
 25529 | Orc:2    | Bought the +10 large shield of Ignorance {rN+ Int-4} for
                  | 1547 gold pieces
 25529 | Orc:2    | Found the +10 large shield of Ignorance {rN+ Int-4}
 26064 | Swamp:4  | Noticed Kirke
 26145 | Swamp:4  | Killed Kirke
 26197 | Swamp:4  | Reached skill level 15 in Shields
 26383 | Swamp:4  | Got a decaying rune of Zot
 26628 | Swamp:3  | Killed Bai Suzhen
 26628 | Swamp:3  | Reached skill level 15 in Armour
 26756 | Lair:2   | Identified a scroll of acquirement
 27205 | D:13     | Found a roughly hewn altar of Beogh.
 27205 | D:13     | Noticed Josephine
 27211 | D:13     | Killed Josephine
 27502 | D:13     | Found a gate to the Vaults.
 27884 | D:14     | Noticed Jorgrun
 27892 | D:14     | Killed Jorgrun
 28186 | D:14     | Noticed Snorg
 28197 | D:14     | Killed Snorg
 28384 | D:14     | Reached XP level 18. HP: 161/161 MP: 26/26
 28591 | D:14     | Got an ichor-stained scale mail
 28592 | D:14     | Identified the cursed +0 scale mail of Jasizaor {rCorr
                  | Stlth+} (You found it on level 14 of the Dungeon)
 28607 | D:15     | Entered Level 15 of the Dungeon
 29152 | D:15     | Found a staircase to the Depths.
 29525 | Vaults:1 | Entered Level 1 of the Vaults
 30001 | Vaults:1 | Lost intelligence.
 30832 | Vaults:2 | Reached skill level 15 in Fighting
 31334 | Vaults:2 | Reached XP level 19. HP: 163/170 MP: 28/28
 31413 | Vaults:2 | Found a bloodstained altar of Trog.
 32131 | Vaults:3 | Paralysed by a wizard for 3 turns
 32166 | Vaults:3 | Noticed Donald
 32173 | Vaults:3 | Killed Donald
 32818 | Vaults:3 | Cast into level 3 of the Abyss (a deep elf demonologist)
 32887 | Abyss:3  | Got a transparent rapier
 32943 | Abyss:4  | Got an abyssal rune of Zot
 32955 | Vaults:3 | Escaped the Abyss
 33239 | Vaults:3 | Found a staircase to the Crypt.
 33239 | Vaults:3 | Found an ancient bone altar of Kikubaaqudgha.
 33240 | Vaults:3 | Found a basalt altar of Yredelemnul.
 33309 | Vaults:3 | Reached XP level 20. HP: 176/180 MP: 29/29
 33381 | Vaults:3 | Noticed Nikola
 33390 | Vaults:3 | Killed Nikola
 34614 | Vaults:4 | Found Lubiw's Assorted Antiques.
 34804 | Vaults:4 | Found a runed translucent door.
 34804 | Vaults:4 | Found a shimmering altar of Xom.
 34805 | Vaults:4 | Noticed Angmar's ghost (veteran DrAE)
 35520 | Elf:1    | Entered Level 1 of the Elven Halls
 35626 | Elf:1    | Reached skill level 15 in Dodging
 35658 | Elf:1    | Reached skill level 15 in Invocations
 36242 | Elf:2    | Found Etieq's Distillery.
 36248 | Elf:2    | Bought a potion of haste for 100 gold pieces
 36248 | Elf:2    | Bought a potion of heal wounds for 50 gold pieces
 36248 | Elf:2    | Bought a potion of heal wounds for 50 gold pieces
 36274 | Elf:2    | Found Ymar's Antique Weapon Shop.
 36278 | Elf:2    | Found Entalext's Food Shoppe.
 36475 | Elf:2    | Identified the +7 rapier of Cruel Justice {protect, rElec
                  | rPois MR-} (You found it on level 3 of the Abyss)
 36488 | Elf:2    | Found a runed translucent gate.
 36488 | Elf:2    | Found a runed translucent gate.
 36489 | Elf:2    | Found a runed translucent gate.
 36548 | Elf:2    | Found a runed translucent gate.
 36549 | Elf:2    | Noticed Gerad's ghost (veteran VSAK)
 36551 | Elf:2    | Found a runed translucent gate.
 36552 | Elf:2    | Found a runed translucent gate.
 36663 | Elf:2    | Reached XP level 21. HP: 162/190 MP: 31/31
 37368 | Elf:3    | Entered Level 3 of the Elven Halls
 38275 | Elf:3    | Identified the cursed +0 robe of Okawaru's Scorn {rF+ rCorr
                  | Str+5 Dex+4}
 38292 | Elf:3    | Cast into level 3 of the Abyss (a deep elf sorcerer)
 38294 | Abyss:3  | Found a corrupted altar of Lugonu.
 38398 | Abyss:3  | Paralysed by accursed screaming for 1 turns
 38534 | Elf:3    | Escaped the Abyss
 38551 | Elf:3    | Reached XP level 22. HP: 125/201 MP: 32/32
 38667 | Elf:3    | Identified the cursed +3 flail "Tormentor" {crush, rC+++
                  | Str+6 Int-3 Stlth+}
 39048 | Elf:3    | Identified the +0 chain mail "Detuez" {rCorr Str+4} (You
                  | found it on level 3 of the Elven Halls)
 39121 | Elf:3    | Identified Katueth's Almanac of Venomous Clay
 39606 | Vaults:5 | Entered Level 5 of the Vaults
 39770 | Vaults:5 | Reached skill level 15 in Throwing
 39782 | Vaults:5 | Identified the cursed +2 great mace of Fear {speed, Fragile
                  | rF+ Str+2}
 39791 | Vaults:5 | Noticed a golden dragon
 39791 | Vaults:5 | a frost giant changed into a golden dragon
 39797 | Vaults:5 | Killed a golden dragon
 40313 | Vaults:5 | Noticed an ancient lich
 40313 | Vaults:5 | Identified the cursed ring "Baemoytz" {AC-2 Dex+2}
 40314 | Vaults:5 | Noticed an ancient lich
 40318 | Vaults:5 | Reached XP level 23. HP: 211/211 MP: 34/34
 40324 | Vaults:5 | Killed an ancient lich
 40338 | Vaults:5 | Killed an ancient lich
 40363 | Vaults:5 | Slain by a titan

Levels and vault maps discovered:
D:1:      mrwooster_arrival_statue_3, layout_loops_cross, amethyst_killhole
D:2:      layout_loops_ring, nicolae_qazlal_style_of_elements
D:3:      kennysheep_big_flooded_room, layout_rooms, portal_sewer_entry_f
D:4:      layout_layer_cave, old_standard_altar,
          minmay_temple_entry_stoned_glass, serial_shops, kennysheep_mini, shop
D:5:      layout_loops_ring, first_ration
D:6:      layout_loops_ring
D:7:      layout_loops_ring, grunt_temple_overflow_open
D:8:      layout_basic, serial_shops, nicolae_shop_waterfront,
          nicolae_ossuary_entry_monument, minmay_manual_mess
D:9:      cheibrodos_helix_gallery, layout_gridville,
          lemuel_coloured_pillars_altar, minmay_bent, uniq_joseph
D:10:     minmay_cornered_nines, layout_long_grid
D:11:     layout_cave_pools, erik_lair_island, gammafunk_ghost_arena, uniq_urug
D:12:     layout_gridville, erik_orc_1, uniq_fannar, uniq_frances
D:13:     layout_roguey [special_room_orc], david_vaults_2, uniq_josephine
D:14:     layout_gridville, uniq_snorg, uniq_jorgrun
D:15:     hangedman_depths_entry_try_elsewhere_first, layout_small_grid
Lair:1:   layout_long_grid
Lair:2:   layout_regular_city, lemuel_fruit_fields
Lair:3:   layout_big_grid, spider_nest_entry_a, beast_lair_carwin_7
Lair:4:   layout_roguey, swamp_mist_pool, serial_bayou_shore_b
Lair:5:   layout_misc_corridors, gammafunk_ghost_grave,
          grunt_forest_large_clearings
Lair:6:   guppyfry_lair_end_dragon, layout_small_grid,
          hangedman_lair_tendril_chambers, minmay_slime_entry_oklob_enclosed
Swamp:1:  layout_falls_marsh, portal_ice_cave_entry_dragon,
          evilmike_swamp_ruin_rubble_2, infiniplex_staircase_pool
Swamp:2:  layout_falls_marsh, evilmike_swamp_ruin_rubble_1
Swamp:3:  layout_basic_swamp, nicolae_swamp_fairy_circle, uniq_bai_suzhen
Swamp:4:  swamp_alternative, layout_basic_swamp, uniq_kirke
Spider:1: layout_spider_delve
Spider:2: layout_spider_delve
Spider:3: layout_spider_delve
Spider:4: spider_rune_water, ebering_ghost_rock_garden
Orc:1:    layout_diamond_mine, basic_altar, nicolae_orc_rich_vein
Orc:2:    pubby_orc_utopia
Elf:1:    eino_elf_arrival_sip, layout_loops_ring, minivault_28
Elf:2:    layout_geoelf_diagonals, serial_shops, shop, nicolae_shop_waterfront,
          nicolae_shop_behind_doors, ebering_ghost_rock_garden
Elf:3:    nooodl_elf_gasket, layout_geoelf_octagon, abandoned_shop,
          onia_ninara_cookie
Vaults:1: hangedman_vaults_trim, v_misc_17, vaults_room_corners,
          vaults_room_octagon, nicolae_vaults_specimen_jars, v_misc_16,
          nicolae_vaults_alarming, nicolae_vaults_ninety_degrees,
          vaults_dpeg_spiral, dpeg_vaults_monster_row, nicolae_vaults_triangles,
          ontoclasm_vaults_decontamination, vaults_dpeg_hooks, v_alt_pattern_1,
          v_misc_25, layout_vaults_ring
Vaults:2: grunt_vaults_hallway_short, vaults_room_large_hall,
          hangedman_vaults_impose, vaults_room_corners, vaults_standard_mumra_x,
          v_alt_pattern_4, vaults_room_door_ring, v_misc_26,
          vaults_room_corners, v_alt_pattern_4, ontoclasm_vaults_shuriken,
          nicolae_vaults_rhombus_6, v_alt_pattern_2, layout_vaults_omnicross,
          basic_altar
Vaults:3: vaults_room_grunt_arrival_checkpoint, vaults_room_stairs_pillars,
          v_misc_27, vaults_dpeg_encased_lava, nicolae_vaults_network_star,
          minmay_crypt_entry_necro_gods, vaults_room_fancy_cross,
          grunt_vaults_funnel, hangedman_vaults_maws, layout_vaults_omnigrid,
          uniq_donald, uniq_nikola
Vaults:4: ebering_vaults_ghost_xom, vaults_mumra_lcd, vaults_room_fancy_cross,
          ontoclasm_vaults_hangar, nicolae_vaults_octagons,
          nicolae_vaults_asterisk, v_misc_3, vaults_room_door_hall,
          vaults_mumra_chevron_long, v_misc_2, layout_vaults_omnibox,
          serial_shops, shop
Vaults:5: serial_shops

Skill      XL: |  1  2  3  4  5  6  7  8  9 10 11 12 13 14 15 16 17 18 19 20 21 22 23 |
---------------+----------------------------------------------------------------------+-----
Axes           | 3 4 5 6 8 9 10 11 12 13 14 15 16 17 18 | 18.0
Shields        | 4 5 6 7 8 9 10 11 12 13 14 15 16 17 18 19 | 19.4
Armour         | 4 5 6 7 8 9 10 11 12 13 14 15 16 17 18 19 | 19.5
Invocations    | 2 3 5 7 8 9 10 11 12 13 14 15 16 | 16.7
Fighting       | 5 6 8 9 10 11 12 13 14 15 16 17 18 | 18.7
Dodging        | 2 4 6 7 9 10 11 12 13 14 15 16 17 | 17.1
Throwing       | 1 3 5 6 8 9 10 11 12 13 14 15 | 15.4
Evocations     | 2 |  2.2

Action                   |  1- 3 |  4- 6 |  7- 9 | 10-12 | 13-15 | 16-18 | 19-21 | 22-24 || total
-------------------------+-------+-------+-------+-------+-------+-------+-------+-------++-------
Melee: War axe           |    85 |   129 |   377 |   620 |   837 |   686 |   342 |   243 ||  3319
       Headbutt          |     8 |    17 |    62 |   138 |   194 |   350 |   282 |    73 ||  1124
       Broad axe         |       |       |       |       |       |   558 |   709 |       ||  1267
       Morningstar       |       |       |       |       |       |    54 |       |       ||    54
       Unarmed           |       |       |       |       |       |     4 |       |       ||     4
Throw: Boomerang         |       |       |       |       |    53 |    95 |    80 |    61 ||   289
Invok: Upheaval          |       |       |     1 |     2 |     7 |    10 |     5 |     1 ||    26
       Elemental Force   |       |       |       |     2 |     6 |     9 |       |       ||    17
       Disaster Area     |       |       |       |     1 |     3 |     2 |     1 |     6 ||    13
Evoke: Wand              |       |       |       |       |    20 |       |       |       ||    20
  Use: Scroll            |       |       |    14 |     8 |    12 |    20 |     5 |     5 ||    64
       Potion            |       |       |     2 |       |    11 |     6 |     2 |     8 ||    29
 Stab: Distracted        |       |       |       |     1 |       |       |       |     1 ||     2
       Confused          |       |       |       |       |       |     1 |       |       ||     1
       Invisible         |       |       |       |       |       |       |       |     6 ||     6
  Eat: Chunk             |       |     2 |     5 |    12 |     3 |    16 |     7 |     1 ||    46
       Ration            |       |       |     3 |     2 |     8 |     6 |     5 |     2 ||    26
Armor: Scale mail        |     4 |       |       |       |       |       |       |       ||     4
       Chain mail        |    42 |    72 |    94 |   128 |   157 |   156 |    75 |    32 ||   756
       Ice dragon scales |       |       |       |       |    77 |       |       |       ||    77
Dodge: Dodged            |    28 |    43 |    77 |   188 |   413 |   294 |   126 |    70 ||  1239
       Deflected         |       |       |       |     7 |    10 |    14 |    15 |     9 ||    55
Block: Shield            |    55 |    89 |   329 |   652 |  1225 |   495 |       |       ||  2845
       Reflection        |       |       |    14 |    16 |    12 |   101 |   141 |    42 ||   326
       Large shield      |       |       |       |       |       |  1023 |  1240 |   392 ||  2655
       Other             |       |       |       |       |       |     3 |       |       ||     3
